 Dungeon Crawl Stone Soup version 0.29.0-11-gd7f09526c8 (webtiles) character file.

Game seed: 2108661202653703299

20346 LustLizard the Thaumaturge (level 13, -7/67 HPs)
             Began as a Djinni Ice Elementalist on Sept 3, 2022.
             Was a High Priest of Hepliaklqana.
             Killed from afar by an oklob plant (19 damage)
             ... with a splash of acid
             ... on level 2 of the Lair of Beasts.
             The game lasted 00:32:32 (12765 turns).

LustLizard the Thaumaturge (DjIE)                  Turns: 12765, Time: 00:32:33

Health: -7/67      AC:  2    Str:  7    XL:     13   Next: 11%
Gold:   750        EV: 12    Int: 21    God:    Hepliaklqana [*****.] SH:  8 Dex: 24

rFire   + . .      SeeInvis .   O - +5 sling of Fafe {flame, rN+ MP+9 Dex+3}
rCold   . . .      Faith    .   Q - +2 buckler {reflect}
rNeg    + . .      Spirit   .   G - +1 robe {Will+}
rPois   ∞          Reflect  +   d - +0 helmet
rElec   .          Harm     .   t - +0 cloak
rCorr   .          Rampage  .   g - +0 pair of gloves
Will    ++...                   (boots unavailable)
Stlth   +++.......              z - amulet of regeneration
HPRegen 1.01/turn               j - ring of ice
MPRegen 0.00/turn               k - +6 ring of dexterity

@: corroded, flying
A: reduced essence, sickness immunity, fire resistance 2, cold vulnerability 1,
float, innate caster, HP casting, extra vitality 1
a: Renounce Religion, Recall Ancestor, Ancestor Identity, Transference, Idealise


You were on level 2 of the Lair of Beasts.
You worshipped Hepliaklqana.
Hepliaklqana was extremely pleased with you.
You visited 2 branches of the dungeon, and saw 13 of its levels.
You also visited: Ice Cave.

You collected 922 gold pieces.
You spent 172 gold pieces at shops.

Inventory:

Hand Weapons
 e - a +0 sling
 h - a +1 dagger of venom
 w - a +2 spear of venom
 J - a +4 spear of freezing
 O - the +5 sling of Fafe (weapon) {flame, rN+ MP+9 Dex+3}
   (You found it on level 10 of the Dungeon)

   Any ammunition fired from it burns those it strikes, dealing additional fire
   damage.
   Dex:       It affects your dexterity (+3).
   rN:        It protects you from negative energy.
   MP:        It affects your magic capacity (+9).
Armour
 a - a +0 robe
 d - a +0 helmet (worn)
 g - a +0 pair of gloves (worn)
 t - a +0 cloak (worn)
 y - a +1 robe of positive energy
 C - a +0 buckler
 G - a +1 robe of willpower (worn)
 K - a +0 kite shield of poison resistance
 Q - a +2 buckler of reflection (worn)
Jewellery
 j - a ring of ice (left hand)
 k - a +6 ring of dexterity (right hand)
 p - an amulet of reflection
 q - a ring of fire
 s - a +4 ring of evasion
 x - a +6 ring of dexterity
 z - an amulet of regeneration (around neck)
 H - an amulet of faith
 L - a ring of protection from fire
Wands
 I - a wand of paralysis (12)
Scrolls
 i - 3 scrolls of teleportation
 l - 2 scrolls of summoning {unknown}
 m - 3 scrolls of fear {unknown}
 o - a scroll of magic mapping {unknown}
 r - 2 scrolls of immolation {unknown}
 u - 5 scrolls of enchant weapon {unknown}
 v - 2 scrolls of vulnerability {unknown}
 M - a scroll of torment {unknown}
 N - a scroll of blinking {unknown}
 R - a scroll of brand weapon
 S - 2 scrolls of enchant armour
 T - a scroll of fog
Potions
 b - 2 potions of cancellation
 c - 3 potions of might
 f - 5 potions of curing
 n - 2 potions of degeneration
 A - a potion of berserk rage
 B - 2 potions of magic
 D - 2 potions of attraction
 E - a potion of haste
 F - a potion of brilliance
 U - 2 potions of flight
Miscellaneous
 P - a piece from Xom's chessboard (15/15)


   Skills:
 * Level 0.3 Ranged Weapons
 - Level 2.1 Dodging
 - Level 4.0 Stealth
 - Level 4.0 Shields
 * Level 11.4 Spellcasting
 - Level 11.4 Invocations
 * Level 8.8 Evocations


You had 4 spell levels left.
You knew the following spells:

 Your Spells              Type           Power      Damage    Failure   Level
a - Freeze                Ice            100%       1d11      1%          1
b - Frozen Ramparts       Ice            100%       1d16      1%          3
c - Ozocubu's Armour      Ice            74%        N/A       1%          3
d - Hailstorm             Conj/Ice       74%        3d15      1%          4
e - Slow                  Hex            100%       N/A       1%          1
f - Static Discharge      Conj/Air       57%        3-11/arc  1%          2
g - Summon Guardian Gole  Hex/Summ       57%        N/A       1%          3
h - Gell's Gravitas       Tloc           57%        N/A       1%          3
i - Agony                 Necr           57%        N/A       1%          5
j - Metabolic Englaciati  Hex/Ice        37%        N/A       1%          5
Your spell library was empty.

Dungeon Overview and Level Annotations

Branches:
Dungeon (11/15)            Temple (0/1) D:5            Lair (2/5) D:11
    Orc (0/2) D:10          IceCv (visited)
  Swamp: Lair:2-3    Shoals: Lair:2-3     Snake: Lair:2-3    Spider: Lair:2-3

Altars:
Hepliaklqana
Yredelemnul

Shops:
D:6 (   D:7 [   D:9 (   D:10 [

Annotations:
Lair:2 exclusion: oklob plant


Innate Abilities, Weirdness & Mutations

Your life essence is reduced to manifest your ancestor. (-10% HP)
You are immune to sickness and miasma.
You are immune to poison.
Your flesh is very heat resistant. (rF++)
You are vulnerable to cold. (rC-)
You float through the air rather than walking.
You learn spells naturally, not from books.
Your magical power is your life essence.
You have superior vitality. (+4 MHP)


Message History

Belessunu points at the komodo dragon and mumbles some strange words.
The puff of frost hits the komodo dragon!
The komodo dragon hisses menacingly.
Belessunu points at the komodo dragon and mumbles some strange words.
The stone arrow hits the komodo dragon.
You shoot a sling bullet. Belessunu avoids your attack.
The sling bullet hits the komodo dragon.
The sling bullet burns the komodo dragon.
The komodo dragon is almost dead.
The komodo dragon misses Belessunu.
Belessunu hits the komodo dragon with a +0 quarterstaff!
The komodo dragon dies!
An oklob plant comes into view.
Marking area around an oklob plant as unsafe for travelling.
Things that are here:
a +0 chain mail; a scroll labelled QOETEO NALL Your line of fire to the oklob plant is blocked by a fungus.
Unknown command.
The oklob plant spits acid at you. The splash of acid misses you.
You shoot a sling bullet. The sling bullet hits the oklob plant.
The sling bullet burns the oklob plant.
The oklob plant is lightly damaged.
The oklob plant spits acid at you. The splash of acid hits you!!
The oklob plant spits acid at you. The splash of acid hits you!
Fire: O) +5 sling of Fafe {flame, rN+ MP+9 Dex+3}
Press: ? - help, Q - select action, (/) - cycle Shift-Dir - straight line, f/p - oklob plant
Aim: an oklob plant (lightly damaged, ally target, 98% to hit)
You shoot a sling bullet.
The sling bullet hits the oklob plant but does no damage.
The oklob plant is lightly damaged.
The oklob plant spits acid at you. The splash of acid hits you!!
* * * LOW HITPOINT WARNING * * *
The acid corrodes you! The oklob plant spits acid at you.
The splash of acid hits you!!
You die...

. #.. ##..##.##...##.. #.
###.. #.........####.
#..#....###..###.#.## #..
....#....#....####.# ###.
...#...............# #P..
#....#.#..#..............
#..##....#.#..####.....
#.........#.## #P.##P#
#...[@......P ##.####
#....P#...#.#(## #P...##
........#.#....#####.....
...........#.#.. ........
..#.#...#.##.#.. .♣...♣..
...R.... ## . ♣PP...♣.
........ ...♣.♣...
...P.... ....>....
P#..... ..P♣.♣...


You could see an oklob plant.

Vanquished Creatures
  2 hydras
  2 two-headed ogres
  Sonja (D:11)
  An ugly thing (IceCv)
  A manticore (D:11)
  A rime drake (Lair:1)
  A cane toad (Lair:1)
  A polar bear (Lair:2)
  A blink frog (Lair:1)
  Prince Ribbit (D:6)
  A dire elephant simulacrum (IceCv)
  A wyvern (D:11)
  22 yaks
  A warg (D:10)
  A water moccasin (Lair:2)
  2 ice beasts
  A black bear (D:4)
  A sky beast (D:6)
  3 orc warriors
  2 ogres (D:5)
  A centaur (D:7)
  2 kobold brigands
  3 bullfrogs
  5 scorpions
  A gnoll sergeant (D:6)
  A cane toad simulacrum (IceCv)
  6 wights
  2 killer bees (D:8)
  2 howler monkeys
  2 orc priests
  4 hounds
  A jelly (D:6)
  An iguana (D:5)
  6 orc wizards
  A wolf simulacrum (IceCv)
  12 gnolls
  7 adders
  4 worms
  7 dart slugs
  35 orcs
  8 endoplasms
  2 giant cockroaches (D:1)
  6 goblins
  9 hobgoblins
  5 quokkas
  6 ball pythons
  6 bats
  7 frilled lizards
  8 kobolds
  7 rats
214 creatures vanquished.

Vanquished Creatures (collateral kills)
  A two-headed ogre (D:9)
  A cyclops (D:11)
  A black mamba (Lair:2)
  A kobold demonologist (D:11)
  A cane toad (Lair:1)
  A komodo dragon (Lair:2)
  A rime drake (Lair:1)
  A troll (D:9)
  2 blink frogs (Lair:1)
  4 slime creatures (D:11)
  A vampire (D:9)
  3 shadows
  A wraith (D:10)
  A wyvern (D:7)
  13 yaks
  An acid dragon (D:11)
  3 water moccasins
  An orc warrior (D:10)
  A sky beast (D:7)
  A centaur (D:11)
  A kobold brigand (D:11)
  Blork the orc (D:5)
  A bullfrog (Lair:2)
  A scorpion (D:5)
  A gnoll sergeant (D:9)
  5 wights
  A killer bee (D:8)
  4 hounds
  3 jellies
  5 orc priests
  A gnoll bouda (D:7)
  9 orc wizards
  2 iguanas
  A polar bear simulacrum (IceCv)
  A wolf simulacrum (IceCv)
  4 gnolls
  A shadow imp (D:8)
  3 white imps
  10 orcs
  An endoplasm (D:4)
  2 kobolds
  A butterfly (D:5)
99 creatures vanquished.

Vanquished Creatures (others)
  A yak (D:8)
  2 water moccasins
  An orc warrior (D:9)
  A killer bee (D:8)
  A gnoll bouda (D:4)
  4 battlemagi
  An ancestor (D:6)
  A gnoll (D:4)
  An ufetubus (D:5)
  A dart slug (D:4)
  A kobold (D:11)
  A fungus (Lair:2)
  11 plants
27 creatures vanquished.

Grand Total: 340 creatures vanquished

Notes
Turn   | Place    | Note
-------+----------+-------------------------------------------
     0 | D:1      | LustLizard the Djinni Ice Elementalist began the quest for
                  | the Orb.
     0 | D:1      | LustLizard set off with the following spells memorised:
                  | Freeze, Frozen Ramparts, Ozocubu's Armour, Hailstorm.
     0 | D:1      | Reached XP level 1. HP: 15/15 MP: 0/0
    53 | D:1      | Reached XP level 2. HP: 14/21 MP: 0/0
   746 | D:1      | Reached XP level 3. HP: 19/25 MP: 0/0
   746 | D:1      | Learned a level 1 spell: Slow
  1593 | D:2      | Reached XP level 4. HP: 26/31 MP: 0/0
  1641 | D:2      | Found a faded altar of an unknown god.
  1797 | D:2      | Found a basalt altar of Yredelemnul.
  2325 | D:3      | Identified the +4 dagger of Wommutiu {vorpal, rPois rF++
                  | rC- Dex+2}
  2626 | D:3      | Found a hazy altar of Hepliaklqana.
  3083 | D:3      | Became a worshipper of Hepliaklqana the Forgotten
  3263 | D:3      | Reached XP level 5. HP: 23/35 MP: 0/0
  3263 | D:3      | Learned a level 2 spell: Static Discharge
  3561 | D:4      | Reached XP level 6. HP: 33/40 MP: 0/0
  3640 | D:4      | Reached skill level 5 in Spellcasting
  3845 | D:4      | Noticed a black bear
  3851 | D:4      | Killed a black bear
  3852 | D:4      | Reached XP level 7. HP: 38/45 MP: 0/0
  3852 | D:4      | Learned a level 3 spell: Summon Guardian Golem
  4156 | D:4      | You are sucked into a shaft and drop 2 floors!
  4295 | D:6      | Found Etuq's Weapon Boutique.
  4432 | D:6      | Reached XP level 8. HP: 38/50 MP: 0/0
  4732 | D:6      | Reached * piety under Hepliaklqana
  4816 | D:6      | Noticed Prince Ribbit
  4823 | D:6      | Killed Prince Ribbit
  4935 | D:6      | Reached skill level 1 in Invocations
  5169 | D:6      | Reached XP level 9. HP: 46/49 MP: 0/0
  5169 | D:6      | Learned a level 3 spell: Gell's Gravitas
  5697 | D:5      | Entered Level 5 of the Dungeon
  6212 | D:5      | Found a staircase to the Ecumenical Temple.
  6289 | D:5      | Reached skill level 5 in Invocations
  6685 | D:5      | Reached ** piety under Hepliaklqana
  6686 | D:5      | Remembered your ancestor Belessunu as a battlemage
  6715 | D:5      | Noticed Blork the orc
  6719 | D:5      | Killed Blork the orc
  7442 | D:7      | Reached XP level 10. HP: 54/54 MP: 0/0
  7583 | D:7      | Found Pierop's Armour Shop.
  8055 | D:8      | Reached skill level 1 in Shields
  8055 | D:8      | Reached skill level 1 in Evocations
  8341 | D:8      | Reached *** piety under Hepliaklqana
  8565 | D:9      | Found Zowei's Antique Weapon Boutique.
  8754 | D:9      | Reached XP level 11. HP: 58/58 MP: 0/0
  8754 | D:9      | Learned a level 5 spell: Agony
  8784 | D:9      | Noticed a two-headed ogre
  8791 | D:9      | Killed a two-headed ogre
  9367 | D:9      | Noticed a two-headed ogre
  9381 | D:9      | Killed a two-headed ogre
  9382 | D:9      | Reached skill level 10 in Spellcasting
  9614 | D:10     | Entered Level 10 of the Dungeon
  9619 | D:10     | Identified the +5 sling of Fafe {flame, rN+ MP+9 Dex+3}
  9811 | D:10     | Found a staircase to the Orcish Mines.
 10065 | D:10     | Reached skill level 5 in Evocations
 10255 | D:10     | Found Ysih Hui's Antique Armour Emporium.
 10266 | D:10     | Bought a runed buckler for 172 gold pieces
 10278 | D:10     | Reached **** piety under Hepliaklqana
 10580 | D:11     | Noticed Sonja
 10670 | D:11     | Killed Sonja
 10685 | D:11     | Noticed a cyclops
 10697 | D:11     | Killed a cyclops
 10698 | D:11     | Reached XP level 12. HP: 36/63 MP: 0/0
 10971 | D:11     | Noticed a two-headed ogre
 10976 | D:11     | Killed a two-headed ogre
 11028 | D:11     | Reached skill level 10 in Invocations
 11222 | D:11     | Found a staircase to the Lair.
 11519 | Lair:1   | Entered Level 1 of the Lair of Beasts
 11576 | Lair:1   | HP: 2/63 [yak (7)]
 11582 | Lair:1   | HP: 2/63 [yak (10)]
 11621 | Lair:1   | Found a frozen archway.
 11673 | IceCv    | Entered an ice cave
 11721 | IceCv    | Identified the +0 chain mail of Ferocious Creativity
                  | {rElec}
 12077 | Lair:1   | Noticed a five-headed hydra
 12082 | Lair:1   | Killed a five-headed hydra
 12542 | Lair:2   | Reached ***** piety under Hepliaklqana
 12612 | Lair:2   | Noticed an eight-headed hydra
 12619 | Lair:2   | Killed an eight-headed hydra
 12620 | Lair:2   | Reached XP level 13. HP: 14/67 MP: 0/0
 12620 | Lair:2   | Learned a level 5 spell: Metabolic Englaciation
 12765 | Lair:2   | Killed from afar by an oklob plant

Illustrated notes

Levels and vault maps discovered:
D:1:      minmay_arrival_five_plusses, layout_basic
D:2:      layout_basic, basic_altar, hellmonk_ecumenical_altar_lost_god
D:3:      layout_basic, amethyst_overflow_temple_binary,
          ebering_dispersal_statue_hall
D:4:      layout_loops_cross
D:5:      layout_cave_pods, minmay_temple_entry_butterflies, uniq_blork_the_orc
D:6:      layout_basic, serial_shops, nicolae_shop_bloodbath_and_beyond,
          minmay_lizard_king, uniq_prince_ribbit1
D:7:      layout_cave_pools, enter_bailey_6, serial_shops,
          nicolae_shop_statue_plus, grunt_decor_arrowhead, minmay_checkerbox
D:8:      cheibrodos_quashed, layout_basic
D:9:      layout_stronghold, serial_shops, nicolae_stop_n_shop_2
D:10:     layout_loops_corners, erik_orc_3, serial_shops,
          nicolae_shop_advertising_works [nicolae_subvault_shop_adworks]
D:11:     layout_small_grid, lair_entry_dummy, lemuel_blue_sif_altar, uniq_sonja
Lair:1:   layout_cave_shapes, portal_ice_cave_rime
Lair:2:   layout_loops_ring, grunt_forest_stairs_basic

Skill      XL: |  1  2  3  4  5  6  7  8  9 10 11 12 |
---------------+-------------------------------------+-----
Stealth        | 2 3 4 |  4.0
Spellcasting   | 4 5 6 7 8 9 10 11 | 11.4
Invocations    | 3 6 8 9 11 | 11.4
Shields        | 3 4 |  4.0
Evocations     | 3 6 8 |  8.8
Ranged Weapons | |  0.3
Dodging        | |  2.1

Action                   |  1- 3 |  4- 6 |  7- 9 | 10-12 | 13-15 || total
-------------------------+-------+-------+-------+-------+-------++-------
Melee: Unarmed           |     1 |       |       |       |       ||     1
       Spear             |       |       |       |    52 |       ||    52
 Fire: Sling             |    68 |    93 |   212 |   183 |    26 ||   582
 Cast: Freeze            |    28 |    22 |    27 |     3 |       ||    80
       Frozen Ramparts   |     2 |     6 |    17 |    20 |     2 ||    47
       Ozocubu's Armour  |       |     1 |     2 |    15 |       ||    18
       Summon Guardian G |       |       |     5 |     9 |       ||    14
       Static Discharge  |       |       |    12 |    19 |       ||    31
       Gell's Gravitas   |       |       |     2 |     1 |       ||     3
       Agony             |       |       |       |     2 |       ||     2
Invok: Ancestor Life: Ba |       |       |     1 |       |       ||     1
       Recall Ancestor   |       |       |       |     2 |       ||     2
  Use: Scroll            |       |       |       |    13 |       ||    13
       Potion            |       |       |       |     2 |       ||     2
 Stab: Distracted        |       |       |       |     1 |       ||     1
       Sleeping          |       |       |       |     1 |       ||     1
Armor: Robe              |    11 |     9 |    11 |    33 |     2 ||    66
Dodge: Dodged            |    20 |    24 |    27 |    64 |     2 ||   137
Block: Other             |       |       |    11 |       |       ||    11
       Reflection        |       |       |     1 |     2 |       ||     3
       Buckler           |       |       |     3 |    46 |     2 ||    51
